 Dungeon Crawl Stone Soup version 0.24-a0-537-g2d01d4ab0a (webtiles) character file.

Game seed: 5531558624534964980

16461 Kae the Phalangite (level 12, -4/86 HPs)
             Began as a Merfolk Gladiator on Aug 14, 2019.
             Was a High Priest of Okawaru.
             Slain by a spiny frog (5 damage)
             ... on level 2 of the Lair of Beasts.
             The game lasted 00:16:05 (14963 turns).

Kae the Phalangite (Merfolk Gladiator)             Turns: 14963, Time: 00:16:06

Health: -4/86      AC: 12    Str: 18    XL:     12   Next: 37%
Magic:  24/24      EV:  9    Int:  9    God:    Okawaru [*****.]
Gold:   404        SH:  0    Dex: 15    Spells: 11/11 levels left

rFire    . . .     SeeInvis .   b - +3 scythe (venom)
rCold    + . .     Gourm    .   (shield currently unavailable)
rNeg     . . .     Faith    .   k - +0 chain mail
rPois    .         Spirit   .   J - +0 hat of the Circus Animal {rC+}
rElec    .         Reflect  .   C - +0 cloak
rCorr    .         Harm     .   (no gloves)
MR       .....                  g - +1 pair of boots {Fly}
Stlth    ..........             (no amulet)
HPRegen  0.24/turn              j - ring of magical power
MPRegen  0.19/turn              l - ring of stealth

@: lethally poisoned (-4 -> -13), flying
A: change form in water, swift swim, stealthy swim
a: Heroism, Finesse, Renounce Religion, Stop Flying


You were on level 2 of the Lair of Beasts.
You worshipped Okawaru.
Okawaru was extremely pleased with you.
You were very hungry.

You visited 3 branches of the dungeon, and saw 13 of its levels.

You collected 576 gold pieces.
You spent 172 gold pieces at shops.

Inventory:

Hand Weapons
 a - a +0 trident
 b - a +3 scythe of venom (weapon)
 x - the +5 glaive of the King {freeze, Fragile rF+ Stlth+}
   (Okawaru gifted it to you on level 1 of the Lair of Beasts)

   It has been specially enchanted to freeze those struck by it, causing extra
   injury to most foes and up to half again as much damage against particularly
   susceptible opponents.
   It can also slow down cold-blooded creatures.
   It protects you from fire.
   It will be destroyed if unequipped.
   It makes you more stealthy.
Missiles
 d - 3 throwing nets (quivered)
Armour
 c - a +0 helmet
 g - a +1 pair of boots of flying (worn)
 k - a +0 chain mail (worn)
 v - the +1 buckler of Refuge {rPois MR+++ Str-5 Stlth-}
   (You found it on level 8 of the Dungeon)

   It affects your strength (-5).
   It protects you from poison.
   It affects your resistance to hostile enchantments.
   It makes you less stealthy.
 C - a +0 cloak (worn)
 J - the +0 hat of the Circus Animal (worn) {rC+}
   (Okawaru gifted it to you on level 2 of the Lair of Beasts)

   It protects you from cold.
Jewellery
 j - a ring of magical power (left hand)
 l - a ring of stealth (right hand)
 z - a +3 ring of dexterity
Wands
 e - a wand of paralysis (7)
 s - a wand of random effects (22)
 u - a wand of acid (6)
 B - a wand of digging (5)
Scrolls
 h - 2 scrolls of amnesia
 i - 2 scrolls of teleportation
 t - 2 scrolls of enchant armour
 y - 6 scrolls of remove curse
 G - 5 scrolls of magic mapping
 H - 2 scrolls of identify
 I - a scroll of enchant weapon
Potions
 m - a potion of curing
 n - 3 potions of mutation
 o - 2 potions of invisibility
 p - 5 potions of haste
 q - a potion of resistance
 r - a potion of lignification
 w - a potion of ambrosia
 A - a potion of magic
 D - a potion of brilliance
 E - a potion of might
 F - a potion of agility
Comestibles
 f - 14 rations


   Skills:
 + Level 5.5 Fighting
 - Level 22.6 Polearms
 - Level 2.0 Throwing
 + Level 3.6 Armour
 + Level 4.7 Dodging
 * Level 4.5 Invocations


You had 11 spell levels left.
You didn't know any spells.
Your spell library contained the following spells:

 Spells                   Type           Power        Failure   Level  Hunger
 Animate Skeleton         Necr           N/A          99%         1    ##.....
 Apportation              Tloc           #.....       99%         1    ##.....
 Confusing Touch          Hex            #.....       99%         1    ##.....
 Corona                   Hex            #......      99%         1    ##.....
 Pain                     Necr           #...         99%         1    ##.....
 Summon Small Mammal      Summ           #...         99%         1    ##.....
 Ensorcelled Hibernation  Hex/Ice        #.....       100%        2    ###....
 Poisonous Vapours        Pois/Air       #.....       100%        2    ###....
 Confuse                  Hex            #.......     100%        3    ####...
 Conjure Flame            Conj/Fire      #.......     100%        3    ####...
 Dazzling Spray           Conj/Hex       #.....       100%        3    ####...
 Mephitic Cloud           Conj/Pois/Air  #.......     100%        3    ####...
 Recall                   Summ/Tloc      N/A          100%        3    ####...
 Regeneration             Chrm/Necr      #.........   100%        3    ####...
 Tukima's Dance           Hex            #.......     100%        3    ####...
 Vampiric Draining        Necr           #.........   100%        3    ####...
 Animate Dead             Necr           N/A          100%        4    #####..
 Aura of Abjuration       Summ           #.........   100%        5    ######.
 Summon Demon             Summ           #.........   100%        5    ######.
 Summon Forest            Summ/Tloc      #.........   100%        5    ######.
 Summon Mana Viper        Hex/Summ       #.......     100%        5    ######.
 Freezing Cloud           Conj/Ice/Air   #.........   100%        6    #######
 Shadow Creatures         Summ           N/A          100%        6    #######
 Ring of Flames           Chrm/Fire      #.........   100%        7    #######


Dungeon Overview and Level Annotations

Branches:
Dungeon (10/15)            Temple (1/1) D:4            Lair (2/6) D:10
 Shoals (0/4) Lair:2          Orc (0/2) D:9
  Snake: Lair:2-4    Spider: Lair:2-4

Altars:
Ashenzari
Cheibriados
Dithmenos
Elyvilon
Fedhas
Gozag
Hepliaklqana
Kikubaaqudgha
Makhleb
Nemelex Xobeh
Okawaru
Qazlal
Ru
Sif Muna
Trog
Uskayaw
Vehumet
Wu Jian
Xom
Yredelemnul
Zin
The Shining One
Beogh

Shops:
D:6 [


Message History

The bullfrog hits you but does no damage.
The bullfrog closely misses you.
The spiny frog stings you but does no damage.
The bullfrog hits you but does no damage.
The porcupine bites you. The bullfrog completely misses you.
The spiny frog stings you!
The bullfrog hits you but does no damage.
The bullfrog hits you but does no damage.
The bullfrog hits you.
The bullfrog hits you but does no damage.
The bullfrog hits you but does no damage.
The spiny frog stings you!!
You are poisoned.
The spiny frog poisons you!
The bullfrog hits you but does no damage.
You feel sick.
You feel sick. The komodo dragon bites you!!
* * * LOW HITPOINT WARNING * * *
The spiny frog stings you.
You die...

............. ...#≈≈≈≈≈
..........P# #.P≈≈≈≈≈
....##.[..#####P≈≈≈##### ≈≈#.#..
#..##.......##.≈≈##...##≈≈.....
###.#...........≈≈#.....#≈≈......
.≈................'..>..#≈≈......
≈≈≈≈............≈≈#.....#≈≈......
≈≈≈≈≈...........≈F##.t.##≈≈......
≈≈≈≈............@FF#####≈≈≈......
≈≈≈.<......###..≈lF≈≈≈≈≈≈≈###....
≈≈≈(.......###...#≈≈≈r≈≈≈........
≈≈≈≈≈......#......#F.............
≈≈≈≈≈.....##............P......%.
≈≈≈≈≈.....##.....................
.≈≈..#....##......##....#.......#
....##.....#......##............#
...###.....###..####.............


You could see a komodo dragon, 2 spiny frogs, 3 bullfrogs and a porcupine.

Vanquished Creatures
  Gastronok (Lair:1)
  A two-headed ogre (D:10)
  An unseen horror (D:10)
  Pikel (D:6)
  The ghost of Aggronaut the Transmogrifier, a novice DrTm (D:6)
  A centaur zombie (D:10)
  A black mamba (Lair:2)
  3 spiny frogs
  A troll (D:9)
  A hornet (D:9)
  Grinder (D:4)
  5 blink frogs (Lair:2)
  A snapping turtle (Lair:2)
  3 hippogriffs
  20 yaks
  Sigmund (D:3)
  3 wraiths (D:9)
  Eustachio (D:6)
  A warg (D:6)
  A two-headed ogre zombie (D:9)
  Duvessa (D:6)
  2 slaves (D:6)
  5 orc warriors
  7 porcupines
  3 ice beasts (D:8)
  3 ogres
  3 sky beasts
  2 phantoms
  2 centaurs
  A crocodile (D:8)
  2 big kobolds
  Blork the orc (D:4)
  6 bullfrogs
  Dowan (D:6)
  4 scorpions
  A troll zombie (D:9)
  3 wights (D:6)
  2 troll skeletons (D:9)
  2 electric eels (Lair:2)
  7 crimson imps
  3 howler monkeys (D:10)
  3 human zombies (D:9)
  2 quasits
  3 orc priests
  5 hounds
  Crazy Yiuf (D:5)
  6 jellies
  A bullfrog skeleton (D:4)
  2 human skeletons (D:9)
  Ijyb (D:4)
  4 worker ants
  6 orc wizards
  8 ogre zombies (D:9)
  A mummy (D:9)
  A worker ant zombie (D:10)
  9 adders
  A river rat (D:3)
  2 shadow imps
  5 oozes (D:9)
  A worm (D:3)
  An adder skeleton (D:6)
  6 leopard geckos
  39 orcs
  2 ball pythons
  7 bats
  8 giant cockroaches
  9 hobgoblins
  7 jackals
  4 quokkas
  3 frilled lizards
  9 goblins
  A goblin skeleton (D:9)
  2 goblin zombies (D:9)
  3 hobgoblin skeletons (D:9)
  4 hobgoblin zombies (D:9)
  11 kobolds
  A leopard gecko skeleton (D:4)
  3 orc skeletons (D:9)
  12 orc zombies (D:9)
  8 rats
312 creatures vanquished.

Vanquished Creatures (others)
  A slave (D:6)
  3 orcs (D:6)
  A plant (Lair:1)
5 creatures vanquished.

Grand Total: 317 creatures vanquished

Notes
Turn   | Place    | Note
-------+----------+-------------------------------------------
     0 | D:1      | Kae the Merfolk Gladiator began the quest for the Orb.
     0 | D:1      | Reached XP level 1. HP: 16/16 MP: 1/1
    86 | D:1      | Reached skill level 5 in Polearms
   294 | D:1      | Reached XP level 2. HP: 17/22 MP: 2/2
   595 | D:1      | Reached skill level 6 in Polearms
   595 | D:1      | Reached XP level 3. HP: 25/27 MP: 3/3
  1162 | D:2      | Reached XP level 4. HP: 33/33 MP: 4/4
  1226 | D:2      | Reached skill level 7 in Polearms
  1932 | D:3      | Noticed Sigmund
  2144 | D:3      | Killed Sigmund
  2144 | D:3      | Reached skill level 9 in Polearms
  2144 | D:3      | Reached XP level 5. HP: 26/38 MP: 5/5
  2144 | D:3      | Reached XP level 6. HP: 30/44 MP: 6/6
  2652 | D:4      | Found a staircase to the Ecumenical Temple.
  2656 | D:4      | Noticed Ijyb
  2659 | D:4      | Reached skill level 10 in Polearms
  2666 | D:4      | Killed Ijyb
  2667 | D:4      | Noticed Grinder
  2668 | D:4      | Paralysed by Grinder for 4 turns
  2684 | D:4      | Paralysed by Grinder for 7 turns
  2697 | D:4      | HP: 1/44 [Grinder (6)]
  2699 | D:4      | Killed Grinder
  2699 | D:4      | Reached skill level 11 in Polearms
  2699 | D:4      | Reached XP level 7. HP: 9/50 MP: 7/7
  2716 | Temple   | Entered the Ecumenical Temple
  3053 | Temple   | Became a worshipper of Warmaster Okawaru
  3220 | D:4      | Noticed Blork the orc
  3230 | D:4      | Killed Blork the orc
  3479 | D:5      | Entered Level 5 of the Dungeon
  3501 | D:5      | Reached skill level 12 in Polearms
  3840 | D:5      | Reached XP level 8. HP: 56/56 MP: 8/8
  3913 | D:5      | Found a runed translucent door.
  3914 | D:5      | Noticed Crazy Yiuf
  3961 | D:5      | Reached skill level 13 in Polearms
  4188 | D:5      | Killed Crazy Yiuf
  4458 | D:6      | Identified the cursed +1 hand axe of Pita Lel {drain, rC+}
  4459 | D:6      | Noticed Aggronaut's ghost (novice DrTm)
  4460 | D:6      | Found a runed translucent gate.
  4460 | D:6      | Found a runed translucent gate.
  4460 | D:6      | Found a runed translucent gate.
  4461 | D:6      | Found a roughly hewn altar of Beogh.
  4503 | D:6      | Reached * piety under Okawaru
  4687 | D:6      | Noticed Dowan
  4687 | D:6      | Noticed Eustachio
  4693 | D:6      | Noticed Duvessa
  4698 | D:6      | Killed Eustachio
  4698 | D:6      | Reached skill level 14 in Polearms
  4710 | D:6      | Killed Duvessa
  4714 | D:6      | Killed Dowan
  4725 | D:6      | Reached skill level 15 in Polearms
  4863 | D:6      | Reached ** piety under Okawaru
  4863 | D:6      | Reached XP level 9. HP: 55/61 MP: 9/9
  5042 | D:6      | Found Iwemp's Antique Armour Shop.
  5048 | D:6      | Bought a pair of runed boots for 172 gold pieces
  5201 | D:6      | Noticed Pikel
  5220 | D:6      | Killed Pikel
  5220 | D:6      | Reached skill level 16 in Polearms
  5403 | D:6      | Reached skill level 17 in Polearms
  5437 | D:6      | Killed Aggronaut's ghost
  5437 | D:6      | Reached *** piety under Okawaru
  5662 | D:6      | HP: 1/61 [orc warrior/+0 dire flail (10)]
  6112 | D:7      | Reached skill level 18 in Polearms
  6115 | D:7      | Reached XP level 10. HP: 37/67 MP: 10/10
  6315 | D:7      | Reached skill level 19 in Polearms
  7015 | D:8      | Reached **** piety under Okawaru
  7049 | D:8      | Got a jewelled buckler
  7789 | D:9      | Received a gift from Okawaru
  7899 | D:9      | Reached skill level 20 in Polearms
  8437 | D:9      | Found a staircase to the Orcish Mines.
  8546 | D:9      | Reached XP level 11. HP: 57/72 MP: 11/11
  8652 | D:9      | Reached skill level 21 in Polearms
  8778 | D:9      | Paralysed by a hornet for 2 turns
  8786 | D:9      | HP: 3/72 [poisoned by a hornet]
  8791 | D:9      | HP: 2/72 [poisoned by a hornet]
  8798 | D:9      | HP: 1/72 [poisoned by a hornet]
  8806 | D:9      | HP: 1/72 [poisoned by a hornet]
  9182 | D:9      | Found an ancient bone altar of Kikubaaqudgha.
  9209 | D:9      | HP: 2/108 [wraith (5)]
  9942 | D:10     | Entered Level 10 of the Dungeon
 10373 | D:10     | Reached ***** piety under Okawaru
 10397 | D:10     | Killed an unseen horror
 10397 | D:10     | Reached skill level 22 in Polearms
 10839 | D:10     | Found a staircase to the Lair.
 11085 | D:10     | Noticed a two-headed ogre
 11090 | D:10     | Killed a two-headed ogre
 11255 | Lair:1   | Entered Level 1 of the Lair of Beasts
 11732 | Lair:1   | Identified the +1 buckler of Refuge {rPois MR+++ Str-5
                  | Stlth-} (You found it on level 8 of the Dungeon)
 11865 | Lair:1   | Reached skill level 1 in Invocations
 11933 | Lair:1   | Reached skill level 1 in Armour
 12172 | Lair:1   | Noticed Gastronok
 12936 | Lair:1   | Killed Gastronok
 12936 | Lair:1   | Received a gift from Okawaru
 12936 | Lair:1   | Reached XP level 12. HP: 52/84 MP: 14/14
 12946 | Lair:1   | Got a crystal glaive {god gift}
 13016 | Lair:1   | Identified the +5 glaive of the King {freeze, Fragile rF+
                  | Stlth+} (Okawaru gifted it to you on level 1 of the Lair of
                  | Beasts)
 13622 | Lair:2   | HP: 4/84 [poisoned by a black mamba]
 14004 | Lair:2   | Received a gift from Okawaru
 14013 | Lair:2   | Reached skill level 5 in Fighting
 14275 | Lair:2   | Found a staircase to the Shoals.
 14630 | Lair:2   | Received a gift from Okawaru
 14766 | Lair:2   | Got an encrusted hat {god gift}
 14777 | Lair:2   | Identified the +0 hat of the Circus Animal {rC+} (Okawaru
                  | gifted it to you on level 2 of the Lair of Beasts)
 14963 | Lair:2   | HP: 1/86 [komodo dragon (24)]
 14963 | Lair:2   | Slain by a spiny frog

Levels and vault maps discovered:
D:1:      minmay_arrival_four_circles, layout_loops_ring,
          hangedman_abyss_or_decor_lesser_grid
D:2:      layout_rooms, first_ration
D:3:      layout_rooms, gup_sewer_entry_bubbles, st_stairs_6,
          minmay_misc_feat_rows, uniq_sigmund
D:4:      layout_basic, minmay_temple_entry_sparse_star,
          kennysheep_small_circle, uniq_grinder, uniq_ijyb, uniq_blork_the_orc
D:5:      layout_basic, uniq_crazy_yiuf_cottage
D:6:      layout_loops_ring, biasface_ghost_orc_armoury, serial_shops,
          nicolae_shop_waterfront, uniq_duvessa, uniq_pikel, uniq_eustachio
D:7:      layout_loops_ring
D:8:      layout_gridville
D:9:      layout_loops_cross, lemuel_mausoleum_altar_kikubaaqudgha,
          zombieorc2_lemuel, hangedman_little_slice_of_home
D:10:     layout_basic, lair_entry_dummy
Temple:   grunt_wide_crystal_templ
Lair:1:   layout_cave_pods, uniq_gastronok
Lair:2:   layout_regular_city, minmay_shoals_entry_hut, dummy_snake_entry,
          beast_lair_carwin_6, infiniplex_staircase_pool, grunt_megastairs_2,
          uniq_harold

Skill      XL: |  1  2  3  4  5  6  7  8  9 10 11 12 |
---------------+-------------------------------------+-----
Polearms       | 5 6 9 11 12 15 18 20 22 | 22.6
Invocations    | 3 4 |  4.5
Armour         | 2 3 |  3.6
Fighting       | 4 5 |  5.5
Throwing       | |  2.0
Dodging        | |  4.7

Action                   |  1- 3 |  4- 6 |  7- 9 | 10-12 || total
-------------------------+-------+-------+-------+-------++-------
Melee: Trident           |   114 |   105 |       |       ||   219
       Scythe            |       |    54 |   271 |   684 ||  1009
Invok: Heroism           |       |       |     1 |    12 ||    13
Evoke: Wand              |       |       |       |     2 ||     2
  Use: Scroll            |     4 |     4 |    12 |     8 ||    28
       Potion            |       |     3 |     7 |     6 ||    16
 Stab: Sleeping          |     1 |       |       |       ||     1
       Invisible         |       |       |     2 |       ||     2
       Distracted        |       |       |       |     1 ||     1
       Paralysed         |       |       |       |     3 ||     3
  Eat: Chunk             |     1 |     5 |    11 |    21 ||    38
       Ration            |       |       |       |     2 ||     2
Armor: Leather armour    |     7 |       |       |       ||     7
       Chain mail        |    27 |    97 |   124 |   268 ||   516
       Skin              |       |       |    34 |    19 ||    53
Dodge: Dodged            |    50 |    71 |    90 |   197 ||   408

Table legend:
 A = Non-vault XP
 B = Vault XP
 C = Vault XP percentage of total XP
 D = Non-vault monster count
 E = Vault monster count
 F = Vault count percentage of total count
                 A         B        C        D         E       F
            +---------+---------+-------+---------+---------+-------
      Total |   16012 |    7505 |  31.9 |     221 |      89 |  28.7
            +---------+---------+-------+---------+---------+-------
        D:1 |      38 |       0 |   0.0 |      24 |       0 |   0.0
        D:2 |      63 |       0 |   0.0 |      16 |       0 |   0.0
        D:3 |      65 |     246 |  79.1 |      19 |       8 |  29.6
        D:4 |      84 |     414 |  83.1 |       8 |       4 |  33.3
        D:5 |     441 |      41 |   8.5 |      20 |       1 |   4.8
        D:6 |     786 |    2223 |  73.9 |      27 |      15 |  35.7
        D:7 |    1442 |       0 |   0.0 |      17 |       0 |   0.0
        D:8 |    1093 |       0 |   0.0 |      22 |       0 |   0.0
        D:9 |    2381 |    1753 |  42.4 |      15 |      56 |  78.9
       D:10 |    3497 |       0 |   0.0 |      24 |       0 |   0.0
     Lair:1 |    3089 |    2141 |  40.9 |      16 |       1 |   5.9
     Lair:2 |    3033 |     687 |  18.5 |      13 |       4 |  23.5
            +---------+---------+-------+---------+---------+-------
